Map: Paladino Terminal LE

Players

DanKoren

  • Race: Zerg Zerg
  • League: Diamond
  • Spawn Location: 9:00

qwerty - Winner!

  • Race: Terran Terran
  • League: Diamond
  • Spawn Location: 5:00

VOD

Have the link to the VOD?

Description

Time

  • Played on: Feb. 22, 2017, 4:30 a.m.
  • Length: 13:19
Show
View Real Time Build Order
Export as new Build Order

DanKoren Zerg 

Build Orders: Hatch First 

Get SALT Encoding   

  12  0:01  Drone  
  13  0:13  Overlord  
  13  0:18  Drone  
  14  0:31  Drone x2  
  14  0:35  Drone  
  17  0:55  Hatchery  
  16  0:57  Drone  
  16  1:02  Drone  
  18  1:06  Extractor  
  18  1:08  Drone  
  18  1:21  Spawning Pool  
  18  1:24  Drone  
  18  1:29  Drone  
  19  1:39  Drone  
  20  1:50  Overlord  
  20  2:09  Queen x2  
  20  2:10  Metabolic Boost  
  20  2:12  Zergling x2  
  20  2:14  Drone  
  26  2:17  Drone  
  27  2:27  Drone  
  28  2:37  Roach Warren  
  28  2:39  Drone  
  28  2:41  Extractor  
  27  2:55  Drone  
  27  2:56  Drone x2  
  27  2:57  Drone  
  27  2:58  Overlord  
  31  3:06  Lair  
  31  3:09  Zergling x4  
  32  3:16  Zergling x2  
  32  3:17  Zergling x2  
  34  3:25  Zergling x2  
  34  3:26  Roach  
  37  3:40  Roach  
  37  3:41  Roach  
  40  3:42  Roach  
  42  3:57  Evolution Chamber  
  42  3:58  Drone x2  
  42  4:01  Overlord x2  
  43  4:16  Overlord x2  
  43  4:24  Spore Crawler, Spire  
  41  4:26  Overseer  
  31  4:45  Drone  
  31  4:46  Drone x2  
  31  4:50  Drone  
  31  4:51  Drone x3  
  38  4:54  Drone  
  38  4:57  Drone  
  40  5:09  Glial Reconstitution  
  40  5:37  Drone x4  
  40  5:41  Corruptor, Drone  
  40  5:42  Corruptor  
  49  5:43  Extractor  
  49  5:48  Drone x2  
  45  5:59  Drone x2  
  45  6:02  Overseer  
  45  6:04  Drone x2  
  49  6:12  Drone x2  
  51  6:22  Drone x2  
  53  6:27  Extractor  
  52  6:33  Drone  
  52  6:34  Drone x2  
  55  6:45  Infestation Pit  
  54  6:58  Overlord  
  54  7:02  Drone x2  
  54  7:05  Zerg Ground Armor Level 1  
  54  7:07  Evolution Chamber  
  55  7:09  Zerg Flyer Weapons Level 1  
  55  7:10  Drone  
  55  7:11  Hatchery  
  55  7:12  Drone  
  55  7:15  Drone x3  
  58  7:18  Drone x2  
  58  7:22  Pneumatized Carapace  
  61  7:24  Drone  
  61  7:25  Drone  
  63  7:32  Overlord  
  63  7:34  Zerg Melee Weapons Level 1  
  63  7:35  Hive  
  63  7:53  Extractor  
  63  7:54  Overlord  
  63  7:58  Extractor  
  61  8:05  Queen  
  63  8:07  Baneling Nest  
  62  8:18  Corruptor x2  
  66  8:24  Zergling x4  
  66  8:25  Overlord, Zergling x6  
  66  8:26  Zergling x6  
  74  8:30  Queen  
  74  8:31  Drone x2  
  74  8:32  Drone x2  
  80  8:39  Drone  
  80  8:40  Drone x2  
  83  8:47  Ultralisk Cavern  
  77  9:11  Drone x4  
  81  9:18  Roach, Zergling x4  
  81  9:19  Zergling x8  
  81  9:20  Baneling  
  81  9:21  Baneling x7  
  81  9:22  Baneling x3  
  81  9:23  Roach, Zergling x8  
  81  9:24  Roach  
  97  9:33  Chitinous Plating  
  97  9:46  Centrifical Hooks  
  97  10:09  Drone  
  97  10:10  Overlord x2, Drone x2  
  97  10:12  Ultralisk  
  106  10:18  Overseer  
  106  10:19  Overseer  
  106  10:26  Overlord x3  
  106  10:30  Overlord  
  106  10:31  Ultralisk  
  79  10:46  Ultralisk x2  
  81  11:03  Ultralisk  
  87  11:14  Zergling x4  
  71  11:46  Ultralisk  
  56  12:16  Ultralisk  
  56  12:17  Ultralisk x2, Zergling x2  
  56  12:18  Zergling x6  
  56  12:19  Zergling x4  
  78  12:27  Ultralisk  
  84  12:31  Overseer  
Show
View Real Time Build Order
Export as new Build Order

qwerty Terran - Winner!

Build Orders: 1/1/1, Hellion Banshee, MMM Bio 

Get SALT Encoding   

  12  0:01  SCV  
  13  0:13  SCV  
  14  0:18  Supply Depot  
  14  0:25  SCV  
  15  0:31  Refinery  
  15  0:40  SCV  
  16  0:46  Barracks  
  16  0:55  SCV  
  17  1:01  Refinery  
  17  1:07  SCV  
  18  1:19  SCV  
  19  1:36  Orbital Command, Factory  
  19  1:46  Barracks Reactor  
  19  1:56  Supply Depot  
  19  2:02  SCV  
  20  2:14  SCV  
  21  2:21  Starport  
  21  2:31  SCV  
  21  2:34  Barracks Tech Lab, Hellion x2  
  26  2:40  Supply Depot  
  26  2:45  SCV  
  27  2:55  Hellion  
  27  2:56  Hellion  
  31  3:12  Banshee, Cloaking Field  
  34  3:20  Supply Depot  
  34  3:25  Hellion  
  36  3:31  Hellion  
  38  3:51  Hellion  
  38  3:52  Hellion  
  42  3:56  Banshee  
  42  3:57  Marine  
  42  3:59  Supply Depot  
  39  4:53  Command Center, SCV  
  40  5:05  SCV  
  40  5:06  Engineering Bay, Barracks  
  41  5:08  Barracks  
  39  5:22  Marine  
  39  5:25  Stimpack  
  39  5:26  Starport Reactor  
  39  5:27  SCV  
  37  5:40  SCV, Terran Infantry Weapons Level 1  
  36  5:48  Marine  
  37  6:04  Missile Turret  
  37  6:08  Marine  
  37  6:09  Orbital Command  
  37  6:10  SCV  
  39  6:14  Marine x4  
  39  6:16  Widow Mine  
  39  6:17  Medivac  
  47  6:22  SCV  
  48  6:32  Orbital Command  
  48  6:34  SCV  
  48  6:36  Marine x5  
  54  6:44  Engineering Bay  
  54  6:46  Armory  
  54  6:54  Marine x5  
  59  7:06  SCV x2  
  61  7:13  Refinery  
  61  7:16  Marine x2  
  61  7:17  Marine x2  
  61  7:18  Supply Depot x2, SCV  
  61  7:19  SCV  
  67  7:24  Marine  
  67  7:28  Combat Shields  
  68  7:30  SCV  
  68  7:31  SCV  
  70  7:39  Medivac  
  70  7:43  SCV x2, Refinery  
  74  7:45  Supply Depot  
  74  7:49  Marine x2  
  74  7:50  Marine  
  77  7:51  Marine  
  77  7:53  Marine  
  79  8:07  SCV x2, Terran Infantry Weapons Level 2  
  79  8:08  Terran Infantry Armor Level 1  
  79  8:12  Supply Depot  
  81  8:19  SCV x2, Marine  
  83  8:20  Marine x4  
  83  8:23  Medivac, Factory Reactor  
  90  8:35  Supply Depot  
  90  8:39  Marine  
  91  8:41  Barracks  
  91  8:43  Barracks  
  91  8:52  Marine x4  
  91  8:54  Medivac  
  97  9:04  SCV x2  
  99  9:12  Marine x4  
  99  9:13  Marine  
  99  9:16  SCV x2  
  106  9:20  Supply Depot  
  106  9:27  Marine  
  106  9:30  SCV, Marine x2  
  110  9:35  Factory Tech Lab  
  110  9:40  Barracks Tech Lab  
  110  9:41  SCV, Marine  
  110  9:42  Supply Depot  
  112  9:47  Command Center  
  112  10:02  Marine  
  112  10:03  Marine x3  
  112  10:04  Marine x2, Barracks Reactor  
  120  10:09  Siege Tank, Medivac  
  120  10:10  Medivac  
  120  10:12  Supply Depot  
  125  10:21  Marine  
  126  10:28  Marine x3  
  126  10:29  Marauder  
  126  10:35  Supply Depot  
  131  10:39  Marine x2  
  131  10:41  Marine x2  
  116  10:43  Widow Mine  
  116  10:44  Medivac  
  116  10:46  Marine  
  116  11:15  Marine  
  116  11:16  Marine x6  
  116  11:17  Marauder  
  121  11:23  Orbital Command  
  120  11:35  Marauder  
  120  11:39  Marine x2  
  110  11:40  Marine x4  
  110  11:41  Marauder  
  110  11:45  Medivac  
  97  11:58  Marine x6  
  97  11:59  Marine  
  97  12:21  Orbital Command  
  97  12:28  Marine  
  97  12:29  Marine x7  
  105  12:31  Medivac  
  106  12:46  Marine  
  106  12:47  Marauder x2  
  111  12:55  Marine x3  
  111  12:56  Marine x2  
Tags
 
Add a new tag
Caveats
  • Supply blocks, unpowered buildings, or Contaminate may cause inaccurate times.
  • Supply counts are checked every 10 seconds.